 Dungeon Crawl Stone Soup version 0.29-a0-222-g5b244fca1f (webtiles) character file.

Game seed: 2271089856332309679

151 Colgate the Archer (level 5, -8/43 HPs)
             Began as a Gnoll Hunter on Feb 27, 2022.
             Was a Follower of Zin.
             Mangled by Duvessa
             ... wielding a +0 rapier
              (13 damage)
             ... on level 4 of the Dungeon.
             The game lasted 00:14:39 (2651 turns).

Colgate the Archer (Gnoll Hunter)                   Turns: 2651, Time: 00:14:40

Health: -8/43      AC:  4    Str: 11    XL:     5   Next: 33%
Magic:  7/7        EV: 14    Int: 12    God:    Zin [*.....]
Gold:   42         SH:  0    Dex: 19    Spells: 6/6 levels left

rFire   . . .      SeeInvis .   a - +1 shortbow
rCold   . . .      Faith    .   (shield currently unavailable)
rNeg    . . .      Spirit   .   b - +0 leather armour
rPois   .          Reflect  .   (no helmet)
rElec   .          Harm     .   (no cloak)
rCorr   .          Rampage  .   (no gloves)
Will    .....                   i - +0 pair of boots
Stlth   ++........              (no amulet)
HPRegen 0.14/turn               l - +6 ring of dexterity
MPRegen 0.10/turn               (no ring)

@: no status effects
A: fangs 1, strong nose, distributed training
a: Renounce Religion, Recite, Donate Gold


You were on level 4 of the Dungeon.
You worshipped Zin.
Zin was aware of your devotion.
You visited 1 branch of the dungeon, and saw 4 of its levels.

You collected 46 gold pieces.
You donated 4 gold pieces to Zin.

Inventory:

Hand Weapons
 a - a +1 shortbow (weapon)
Armour
 b - a +0 leather armour (worn)
 f - a +0 robe
 i - a +0 pair of boots (worn)
 n - a +0 ring mail
Jewellery
 l - a +6 ring of dexterity (left hand)
Wands
 d - a wand of paralysis (7)
Scrolls
 j - a scroll of enchant weapon
 k - a scroll of blinking {@r4}
 m - a scroll of fog {unknown}
 o - a scroll of noise {unknown}
 p - a scroll of teleportation {unknown}
Potions
 c - a potion of attraction
 g - a potion of might {@q3}
 h - 2 potions of flight {unknown}


   Skills:
 + Level 4.8 Fighting
 + Level 1.4 Short Blades
 + Level 1.4 Long Blades
 + Level 1.4 Axes
 + Level 1.4 Maces & Flails
 + Level 1.4 Polearms
 + Level 1.4 Staves
 + Level 1.4 Slings
 + Level 8.6 Bows
 + Level 1.4 Crossbows
 + Level 1.4 Throwing
 + Level 1.4 Armour
 + Level 4.8 Dodging
 + Level 2.7 Stealth
 + Level 1.4 Shields
 + Level 1.4 Unarmed Combat
 + Level 1.4 Spellcasting
 + Level 1.1 Conjurations
 + Level 1.1 Hexes
 + Level 1.1 Summonings
 + Level 1.1 Necromancy
 + Level 1.1 Translocations
 + Level 1.1 Transmutations
 + Level 1.1 Fire Magic
 + Level 1.1 Ice Magic
 + Level 1.1 Air Magic
 + Level 1.1 Earth Magic
 + Level 1.1 Poison Magic
 + Level 1.6 Invocations
 + Level 1.4 Evocations


You had 6 spell levels left.
You didn't know any spells.
Your spell library contained the following spells:

 Spells                   Type           Power      Damage    Failure   Level
 Confusing Touch          Hex            3%         N/A       56%         3
 Yara's Violent Unravell  Hex/Tmut       1%         3d3       100%        5
 Enfeeble                 Hex            1%         N/A       100%        7


Dungeon Overview and Level Annotations

Branches:
Dungeon (4/15)             Temple (0/1) D:4

Altars:
Xom
Zin

Annotations:
D:4 Duvessa


Innate Abilities, Weirdness & Mutations

You have very sharp teeth.
Your uncanny sense of smell can sniff out nearby items.
Your experience applies equally to all skills.


Message History

Okay, then.
Aiming: Paralyse
Aim: Duvessa, wielding a +0 rapier and wearing a +0 ring mail (lightly wounded, berserk, chance to affect: 35%) Duvessa suddenly stops moving!
The orc barely misses you.
You're not ready to recite again yet.
Unknown command.
You are too injured to fight recklessly!
Shoot: a) +1 shortbow
Aim: Duvessa, wielding a +0 rapier and wearing a +0 ring mail (lightly wounded, berserk, paralysed, 98% to hit)
You shoot an arrow. The arrow hits Duvessa!
The orc hits you with a +0 flail.
Shoot: a) +1 shortbow
Aim: an orc, wielding a +0 flail (68% to hit)
You shoot an arrow. The arrow hits the orc!
You kill the orc!
You hear a shout! x2
You start resting.
Magic restored.
Duvessa is nearby!
Shoot: a) +1 shortbow
Aim: Duvessa, wielding a +0 rapier and wearing a +0 ring mail (moderately wounded, berserk, 74% to hit)
You shoot an arrow. The arrow hits Duvessa.
Shoot: a) +1 shortbow
Aim: Duvessa, wielding a +0 rapier and wearing a +0 ring mail (heavily wounded, berserk, 74% to hit)
You shoot an arrow. The arrow hits Duvessa.
Aiming: Paralyse
Aim: Duvessa, wielding a +0 rapier and wearing a +0 ring mail (heavily wounded, berserk, chance to affect: 35%) Duvessa easily resists.
Aiming: Paralyse
Aim: Duvessa, wielding a +0 rapier and wearing a +0 ring mail (heavily wounded, berserk, chance to affect: 35%) Duvessa easily resists.
Aiming: Paralyse
Aim: Duvessa, wielding a +0 rapier and wearing a +0 ring mail (heavily wounded, berserk, chance to affect: 35%) Duvessa easily resists.
Duvessa hits you with a +0 rapier!
* * * LOW HITPOINT WARNING * * *
Aiming: Paralyse
Aim: Duvessa, wielding a +0 rapier and wearing a +0 ring mail (heavily wounded, berserk, chance to affect: 35%) Duvessa easily resists.
You are ready to recite again.
Duvessa hits you with a +0 rapier!
You die...

,,,,+...)..)).........^....,,>,,,
**,**..........####.....###*,*,**
*,**#####.##### #........,,***
*,* #.* #......##*** *,*
#.***#####....).# *<*
#,,∆,,..##......# *,*
******#.##......# *,*
##.##......# *,* #.@........# *,*
##e..####### *,* ###.#.#### *,*
##...#....# *,* #.......### *,*
##...#### *,* ###...# *,* #.....#
*,* #.....#


You could see Duvessa (berserk).

Vanquished Creatures
  Dowan (D:4)
  3 adders
  2 dart slugs (D:1)
  4 orcs (D:4)
  6 ball pythons
  9 endoplasms
  3 giant cockroaches
  7 hobgoblins
  A kobold (D:2)
  4 quokkas
  5 bats
  6 frilled lizards
  7 goblins
  7 rats
65 creatures vanquished.

Notes
Turn   | Place    | Note
-------+----------+-------------------------------------------
     0 | D:1      | Colgate the Gnoll Hunter began the quest for the Orb.
     0 | D:1      | Reached XP level 1. HP: 20/20 MP: 1/1
   107 | D:1      | Reached XP level 2. HP: 26/26 MP: 2/2
   326 | D:1      | Reached XP level 3. HP: 31/31 MP: 3/3
   375 | D:1      | Found a faded altar of an unknown god.
   383 | D:1      | Prayed at the altar of an unknown god.
   383 | D:1      | Became a worshipper of Zin the Law-Giver
   383 | D:1      | Reached * piety under Zin
   966 | D:2      | Reached skill level 1 in Invocations
  1139 | D:2      | Reached skill level 1 in Short Blades
  1139 | D:2      | Reached skill level 1 in Long Blades
  1139 | D:2      | Reached skill level 1 in Axes
  1139 | D:2      | Reached skill level 1 in Maces & Flails
  1139 | D:2      | Reached skill level 1 in Polearms
  1139 | D:2      | Reached skill level 1 in Staves
  1139 | D:2      | Reached skill level 1 in Slings
  1139 | D:2      | Reached skill level 1 in Crossbows
  1139 | D:2      | Reached skill level 1 in Throwing
  1139 | D:2      | Reached skill level 1 in Armour
  1139 | D:2      | Reached skill level 1 in Shields
  1139 | D:2      | Reached skill level 1 in Unarmed Combat
  1139 | D:2      | Reached skill level 1 in Spellcasting
  1139 | D:2      | Reached skill level 1 in Evocations
  1480 | D:2      | Reached XP level 4. HP: 38/38 MP: 5/5
  2374 | D:3      | Found a shimmering altar of Xom.
  2421 | D:3      | Reached skill level 1 in Conjurations
  2421 | D:3      | Reached skill level 1 in Hexes
  2421 | D:3      | Reached skill level 1 in Summonings
  2421 | D:3      | Reached skill level 1 in Necromancy
  2421 | D:3      | Reached skill level 1 in Translocations
  2421 | D:3      | Reached skill level 1 in Transmutations
  2421 | D:3      | Reached skill level 1 in Fire Magic
  2421 | D:3      | Reached skill level 1 in Ice Magic
  2421 | D:3      | Reached skill level 1 in Air Magic
  2421 | D:3      | Reached skill level 1 in Earth Magic
  2421 | D:3      | Reached skill level 1 in Poison Magic
  2619 | D:4      | Noticed Duvessa
  2619 | D:4      | Noticed Dowan
  2624 | D:4      | Killed Dowan
  2625 | D:4      | Reached XP level 5. HP: 39/43 MP: 5/7
  2651 | D:4      | Mangled by Duvessa

Illustrated notes

Levels and vault maps discovered:
D:1:      dpeg_arrival_lava_altar, layout_basic, ebering_ecumenical_altar_webs,
          minmay_misc_feat_nine_boxes, minivault_5, minmay_octomino_j4
D:2:      layout_basic
D:3:      layout_basic, mainiacjoe_overflow_24_doors
D:4:      layout_basic, minmay_temple_entry_fiery, uniq_duvessa, uniq_edmund

Skill      XL: |  1  2  3  4 |
---------------+-------------+-----
Invocations    | 1 |  1.6
Short Blades   | 1 |  1.4
Long Blades    | 1 |  1.4
Axes           | 1 |  1.4
Maces & Flails | 1 |  1.4
Polearms       | 1 |  1.4
Staves         | 1 |  1.4
Slings         | 1 |  1.4
Crossbows      | 1 |  1.4
Throwing       | 1 |  1.4
Armour         | 1 |  1.4
Shields        | 1 |  1.4
Unarmed Combat | 1 |  1.4
Spellcasting   | 1 |  1.4
Evocations     | 1 |  1.4
Conjurations   | 1 |  1.1
Hexes          | 1 |  1.1
Summonings     | 1 |  1.1
Necromancy     | 1 |  1.1
Translocations | 1 |  1.1
Transmutations | 1 |  1.1
Fire Magic     | 1 |  1.1
Ice Magic      | 1 |  1.1
Air Magic      | 1 |  1.1
Earth Magic    | 1 |  1.1
Poison Magic   | 1 |  1.1
Fighting       | |  4.8
Bows           | |  8.6
Dodging        | |  4.8
Stealth        | |  2.7

Action                   |  1- 3 |  4- 6 || total
-------------------------+-------+-------++-------
 Fire: Shortbow          |   119 |    61 ||   180
Invok: Recite            |     1 |     2 ||     3
Evoke: Wand              |       |     5 ||     5
  Use: Scroll            |       |     7 ||     7
       Potion            |       |     2 ||     2
Armor: Leather armour    |     8 |       ||     8
       Robe              |     2 |     4 ||     6
Dodge: Dodged            |    17 |    17 ||    34

Table legend: (Time is in decaauts)
 A = Elapsed time spent in this place.
 B = Non-inter-level travel time spent in this place.
 C = Inter-level travel time spent in this place.
 D = Time resting spent in this place.
 E = Time spent auto-exploring this place.
 F = Levels seen in this place.
 G = Mean time per level.
                   A        B        C        D        E       F      G
               +--------+--------+--------+--------+--------+-----+--------+
         Total |   2670 |   2455 |    215 |      3 |   1986 |   4 |  667.5 |
       Dungeon |   2670 |   2455 |    215 |      3 |   1986 |   4 |  667.5 |
               +--------+--------+--------+--------+--------+-----+--------+

Top non-repeatable levels by time:
     D:1: 1008 daAuts
     D:2: 808 daAuts
     D:3: 742 daAuts
     D:4: 112 daAuts
